 Dungeon Crawl Stone Soup version 0.30-a0-860-g512cf1e979 (webtiles) character file.

Game seed: 4826300817250042053

27434 Zenkrye the Spear-Bearer (level 13, -1/104 HPs)
             Began as a Human Cinder Acolyte on Mar 7, 2023.
             Was an Elder of Ignis.
             Slain by a wolf spider (16 damage)
             ... on level 3 of the Lair of Beasts.
             The game lasted 00:56:47 (17275 turns).

Zenkrye the Spear-Bearer (Human Cinder Acolyte)    Turns: 17275, Time: 00:56:47

Health: -1/104     AC: 21    Str: 20    XL:     13   Next: 65%
Magic:  17/17      EV:  9    Int: 17    God:    Ignis [****..]
Gold:   792        SH:  0    Dex:  9    Spells: 14/18 levels left

rFire   + + +      SeeInvis .    K - +0 trident (freeze)
rCold   + . .      Faith    .    t - orb {*channel}
rNeg    . . .      Spirit   .    R - +5 scale mail of the Stone Wall {rC++ Will+ Regen+}
rPois   .          Reflect  .    J - +1 hat of the Weaver {rF++ Int+3}
rElec   .          Rampage  .    N - +2 cloak
rCorr   .                        M - +2 pair of gloves
Will    ++...                    (no boots) Stlth
                                 z - amulet of regeneration
HPRegen 1.97/turn                f - ring of fire
MPRegen 0.15/turn                G - ring of willpower

@: lethally poisoned (-1 -> -27)
A: no striking features
a: Renounce Religion, Fiery Armour, Foxfire Swarm, Rising Flame


You were on level 3 of the Lair of Beasts.
You worshipped Ignis.
Ignis was greatly pleased with you.
You visited 2 branches of the dungeon, and saw 15 of its levels.
You also visited: Bailey.

You collected 1114 gold pieces.
You spent 322 gold pieces at shops.

Inventory:

Hand Weapons
 a - a -1 spear of flaming
 o - a +1 heavy spear
 K - a +0 trident of freezing (weapon)
Missiles
 h - 7 datura-tipped darts
 q - 3 boomerangs of dispersal
 B - a throwing net {!f}
 L - 4 atropa-tipped darts
 O - a poisoned dart (quivered)
 V - 3 javelins
 W - 3 boomerangs
Armour
 j - the +5 leather armour of the Trombone {rF+ rC+ Dex+2}
   (You found it in a bailey)

   Dex:       It affects your dexterity (+2).
   rF:        It protects you from fire.
   rC:        It protects you from cold.
 t - an orb of energy (worn)
 x - the +2 ratskin cloak {*Rats rPois rN+ Str-1 Int-1 Dex+1}
   (You found it on level 3 of the Dungeon)

   *Rats:     When the wearer is hurt, rats may emerge from it to assist them.
   Str:       It affects your strength (-1).
   Int:       It affects your intelligence (-1).
   Dex:       It affects your dexterity (+1).
   rPois:     It protects you from poison.
   rN:        It protects you from negative energy.
 J - the +1 hat of the Weaver (worn) {rF++ Int+3}
   (You found it in a bailey)

   Int:       It affects your intelligence (+3).
   rF:        It greatly protects you from fire.
 M - a +2 pair of gloves (worn)
 N - a +2 cloak (worn)
 R - the +5 scale mail of the Stone Wall (worn) {rC++ Will+ Regen+}
   (You found it on level 8 of the Dungeon)

   rC:        It greatly protects you from cold.
   Regen:     It increases your rate of health regeneration.
   Will:      It increases your willpower.
Jewellery
 c - a ring of protection from cold
 f - a ring of fire (left hand)
 m - an amulet of magic regeneration
 z - an amulet of regeneration (around neck)
 E - a +6 ring of dexterity
 F - a ring of protection from fire
 G - a ring of willpower (right hand)
 I - a ring of fire
 U - a ring of flight
Wands
 b - a wand of flame (5)
 v - a wand of roots (9)
 A - a wand of charming (8)
 Y - a wand of light (7)
Scrolls
 e - a scroll of fog
 i - a scroll of identify {@r1}
 s - 7 scrolls of teleportation {@r3}
 y - 2 scrolls of enchant weapon
 D - 2 scrolls of magic mapping
 H - 2 scrolls of enchant armour
 P - a scroll of amnesia
 T - a scroll of butterflies
Potions
 d - 2 potions of flight
 g - 4 potions of brilliance
 k - 2 potions of ambrosia
 l - 6 potions of mutation
 n - 6 potions of might {@q4}
 p - 4 potions of haste {@q3}
 r - 4 potions of curing {@q1}
 u - 3 potions of lignification
 w - 2 potions of resistance {@q6}
 C - a potion of attraction
 Q - a potion of magic
Miscellaneous
 S - a phantom mirror (inert)


   Skills:
 + Level 10.5 Fighting
 - Level 14.0 Polearms
 + Level 9.9 Armour
 - Level 3.0 Spellcasting
 - Level 3.0 Translocations
 - Level 5.0 Fire Magic
 - Level 8.0 Evocations


You had 14 spell levels left.
You knew the following spells:

 Your Spells              Type           Power      Damage    Failure   Level
a - Scorch                Fire           58%        2d8       8%          2
b - Blink                 Tloc           24%        N/A       19%         2

Your spell library contained the following spells:

 Spells                   Type           Power      Damage    Failure   Level
 Lesser Beckoning         Tloc           24%        N/A       19%         2
 Momentum Strike          Conj/Tloc      14%        3d8       32%         2
 Slow                     Hex            8%         N/A       38%         1
 Inner Flame              Hex/Fire       16%        N/A       41%         3
 Passage of Golubria      Tloc           12%        N/A       75%         4
 Confusing Touch          Hex            2%         N/A       77%         3
 Ozocubu's Armour         Ice            2%         N/A       77%         3
 Vampiric Draining        Necr           2%         2d6       77%         3
 Flame Wave               Conj/Fire      16%        2d7       82%         4
 Sticky Flame             Conj/Fire      16%        2d4       82%         4
 Cause Fear               Hex            1%         N/A       99%         4
 Summon Forest            Summ/Tloc      3%         N/A       99%         5
 Metabolic Englaciation   Hex/Ice        1%         N/A       100%        5
 Silence                  Hex/Air        1%         N/A       100%        5
 Summon Mana Viper        Hex/Summ       2%         N/A       100%        5
 Simulacrum               Ice/Necr       1%         N/A       100%        6
 Summon Cactus Giant      Summ           1%         N/A       100%        6
 Discord                  Hex            1%         N/A       100%        8
 Lehudib's Crystal Spear  Conj/Erth      1%         10d2      100%        8


Dungeon Overview and Level Annotations

Branches:
Dungeon (12/15)            Temple (0/1) D:7            Lair (3/5) D:9
 Shoals (0/4) Lair:2       Spider (0/4) Lair:3          Orc (0/2) D:10
 Bailey (visited)

Altars:
Dithmenos
Fedhas
Gozag
Kikubaaqudgha
Makhleb
Okawaru
Trog
Wu Jian
Yredelemnul

Shops:
D:3 :   D:7 [   D:9 *   D:11 (


Message History

You are too injured to fight recklessly!
You puncture the wolf spider! You freeze the wolf spider.
The wolf spider is severely wounded.
You feel very sick.
A nearby fungus withers and dies.
The wolf spider hits you!
The wolf spider bites you but does no damage.
The redback bites you but does no damage.
You closely miss the wolf spider.
The wolf spider is severely wounded.
You feel very sick.
The wolf spider barely misses you. x2; The redback barely misses you.
You hit the wolf spider. You freeze the wolf spider.
The wolf spider is severely wounded.
You feel very sick. The wolf spider hits you!
* * * LOW HITPOINT WARNING * * *
The wolf spider bites you!
* * * LOW HITPOINT WARNING * * *
The redback bites you!
* * * LOW HITPOINT WARNING * * *
You are more poisoned.
The redback poisons you!
You feel much better.
* * * LOW HITPOINT WARNING * * *
You feel extremely sick. The wolf spider hits you.
* * * LOW HITPOINT WARNING * * *
The wolf spider bites you but does no damage.
The redback closely misses you.
Okay, then.
Unknown command.
You feel much better.
* * * LOW HITPOINT WARNING * * *
You feel extremely sick. The redback bites you.
* * * LOW HITPOINT WARNING * * *
The wolf spider barely misses you.
The wolf spider bites you but does no damage.
The wolf spider hits you!
You die...

#......## #######
##.......# ###...#.####
#.......## #..........#
.#......## ##.........#
##.......####..........#
.+......+....'.........#
#........#####.........#
.##.+##### #..+...##.#
##P..# ###@##.####
....### #ss###
...P..###### #s.##
.†...:.....## #...# ##
..........#.#####.P##P###
......>....#..#.........#
..........+..###.......##
.............. #..#....#
....>.....##. #.##....##


You could see a wolf spider, a culicivora and a redback.

Vanquished Creatures
  Gastronok (Lair:2)
  A two-headed ogre (D:11)
  An orc knight (Bailey)
  A deep elf pyromancer (Bailey)
  2 black mambas (Lair:2)
  3 elephants (Lair:2)
  5 cane toads
  A rime drake (Lair:1)
  An unseen horror (D:10)
  5 komodo dragons
  A shadow (D:11)
  2 wraiths
  14 yaks
  9 wyverns
  2 basilisks (Lair:1)
  4 steam dragons
  A redback (Lair:3)
  8 water moccasins
  8 orc warriors
  A swamp drake (D:10)
  An ice beast (D:6)
  2 sky beasts (D:7)
  4 black bears
  6 wolves
  5 centaurs
  A phantom (D:6)
  A kobold brigand (D:8)
  8 bullfrogs
  Blork the orc (D:5)
  2 scorpions
  3 wights (D:9)
  5 killer bees (D:11)
  A vampire bat (D:9)
  3 electric eels (D:5)
  4 howler monkeys
  2 jellies
  6 hounds
  5 iguanas
  2 orc priests
  Crazy Yiuf (D:3)
  A gnoll bouda (D:7)
  2 sleepcaps
  Natasha (thrice) (D:4)
  Terence (D:3)
  6 orc wizards
  Robin (D:3)
  11 gnolls
  8 adders
  4 shadow imps
  2 white imps (D:7)
  4 ufetubi
  2 worms
  A dart slug (D:4)
  23 orcs
  3 bat skeletons (D:9)
  4 bat zombies (D:9)
  9 endoplasms
  10 giant cockroaches
  19 goblins
  13 hobgoblins
  3 quokkas
  10 ball pythons
  6 bats
  4 frilled lizards
  12 kobolds
  7 rats
303 creatures vanquished.

Vanquished Creatures (collateral kills)
  A gargoyle (D:10)
  3 orc warriors
  3 orc priests (D:10)
  A sleepcap (D:4)
  An orc wizard (D:10)
  15 orcs
  A goblin (D:4)
  A hobgoblin (D:4)
26 creatures vanquished.

Vanquished Creatures (others)
  A gargoyle (D:10)
  An orc warrior (Bailey)
  An orc (D:4)
  A bush (D:9)
  33 foxfires (Bailey)
  11 fungi
  29 plants
77 creatures vanquished.

Grand Total: 406 creatures vanquished

Notes
Turn   | Place    | Note
-------+----------+-------------------------------------------
     0 | D:1      | Zenkrye the Human Cinder Acolyte began the quest for the
                  | Orb.
     0 | D:1      | Reached XP level 1. HP: 18/18 MP: 2/2
    66 | D:1      | Reached XP level 2. HP: 17/24 MP: 3/3
    69 | D:1      | Learned a level 2 spell: Scorch
   379 | D:1      | Reached skill level 4 in Polearms
   379 | D:1      | Reached XP level 3. HP: 29/29 MP: 4/4
  1034 | D:2      | Reached XP level 4. HP: 33/35 MP: 0/5
  1389 | D:2      | Reached skill level 5 in Polearms
  1635 | D:2      | Reached XP level 5. HP: 41/41 MP: 6/6
  2316 | D:3      | Found Qetothar's Book Shoppe.
  2514 | D:3      | Noticed Robin
  2735 | D:2      | Reached skill level 6 in Polearms
  2958 | D:3      | Reached XP level 6. HP: 34/47 MP: 7/7
  3071 | D:3      | Found a faded altar of an unknown god.
  3102 | D:3      | Noticed Terence
  3303 | D:3      | Found the +2 ratskin cloak {*Rats rPois rN+ Str-1 Int-1
                  | Dex+1}
  3632 | D:3      | Found a runed translucent door.
  3633 | D:3      | Noticed Crazy Yiuf
  3723 | D:4      | Found a shadowy altar of Dithmenos.
  3950 | D:4      | Found a blossoming altar of Fedhas.
  3994 | D:4      | Reached skill level 7 in Polearms
  4209 | D:4      | Reached XP level 7. HP: 52/52 MP: 3/8
  4345 | D:4      | Identified the +0 rapier "Cigyus" {pain, rC+ rN+}
  4494 | D:4      | Noticed Natasha
  4500 | D:4      | Killed Natasha
  4708 | D:3      | Killed Robin
  4812 | D:4      | Noticed Natasha
  4825 | D:4      | Killed Natasha
  4826 | D:4      | Reached skill level 8 in Polearms
  4881 | D:5      | Entered Level 5 of the Dungeon
  5096 | D:5      | Found a transporter.
  5116 | D:5      | Noticed Blork the orc
  5130 | D:5      | Killed Blork the orc
  5308 | D:5      | Reached XP level 8. HP: 57/58 MP: 4/9
  5391 | D:5      | Reached skill level 9 in Polearms
  5653 | D:5      | Found a transporter.
  5721 | D:5      | Found a burning altar of Makhleb.
  5858 | D:5      | Found an ornate altar of the Wu Jian Council.
  6652 | D:6      | Reached skill level 10 in Polearms
  6652 | D:6      | Reached skill level 1 in Evocations
  6912 | D:6      | Reached XP level 9. HP: 49/63 MP: 8/10
  7264 | D:6      | Reached skill level 11 in Polearms
  7874 | D:7      | Found a staircase to the Ecumenical Temple.
  8233 | D:7      | Found Buntuib's Armour Shoppe.
  8677 | D:4      | Noticed Natasha
  8683 | D:4      | Killed Natasha
  8754 | D:3      | Killed Crazy Yiuf
  8863 | D:3      | Killed Terence
  9060 | D:7      | Bought a +2 helmet of intelligence for 322 gold pieces
  9083 | D:7      | Learned a level 2 spell: Blink
  9164 | D:8      | Reached skill level 1 in Translocations
  9203 | D:8      | Found an iron altar of Okawaru.
  9242 | D:8      | Found a basalt altar of Yredelemnul.
  9250 | D:8      | Found a bloodstained altar of Trog.
  9523 | D:8      | Reached XP level 10. HP: 70/70 MP: 9/14
  9605 | D:8      | Identified the +5 scale mail of the Stone Wall {rC++ Will+
                  | Regen+}
  9729 | D:8      | Reached skill level 5 in Evocations
 10133 | D:9      | Reached skill level 12 in Polearms
 10133 | D:9      | Reached skill level 1 in Armour
 10521 | D:9      | Found a flagged portal.
 10615 | Bailey   | Entered a bailey
 10769 | Bailey   | HP: 2/72 [orc warrior/+0 glaive (16)]
 10801 | Bailey   | Noticed an orc knight
 10812 | Bailey   | Killed an orc knight
 10919 | Bailey   | Found a large runed translucent door.
 10919 | Bailey   | Found a large runed translucent door.
 10920 | Bailey   | Noticed a deep elf pyromancer
 11033 | Bailey   | Killed a deep elf pyromancer
 11034 | Bailey   | Reached skill level 13 in Polearms
 11050 | Bailey   | Identified the +5 leather armour of the Trombone {rF+ rC+
                  | Dex+2}
 11062 | Bailey   | Identified the +1 robe of the Morning Star {SInv}
 11063 | Bailey   | Identified the +1 hat of the Weaver {rF++ Int+3}
 11213 | D:9      | Reached skill level 5 in Fighting
 11213 | D:9      | Reached XP level 11. HP: 62/79 MP: 15/15
 11352 | D:9      | Found a staircase to the Lair.
 11396 | D:9      | Found Cuhi's General Store.
 11662 | D:9      | Found an ancient bone altar of Kikubaaqudgha.
 11893 | D:10     | Entered Level 10 of the Dungeon
 13368 | D:10     | Found a staircase to the Orcish Mines.
 13564 | D:11     | Found Saephom's Antique Weapon Emporium.
 13723 | D:11     | Noticed a two-headed ogre
 13741 | D:11     | Killed a two-headed ogre
 13742 | D:11     | Reached skill level 5 in Armour
 13966 | D:11     | Found an opulent altar of Gozag.
 14289 | D:11     | You fall into a shaft and drop 1 floor!
 14346 | D:11     | Reached skill level 14 in Polearms
 14446 | Lair:1   | Entered Level 1 of the Lair of Beasts
 14655 | Lair:1   | Reached XP level 12. HP: 89/89 MP: 13/16
 15485 | Lair:1   | Reached XP level 13. HP: 101/101 MP: 17/17
 15507 | Lair:2   | Noticed Gastronok
 15796 | Lair:2   | Killed Gastronok
 15992 | Lair:2   | Reached skill level 5 in Fire Magic
 16248 | Lair:2   | Found a staircase to the Shoals.
 16367 | Lair:2   | Reached skill level 10 in Fighting
 17241 | Lair:3   | Found a hole to the Spider Nest.
 17273 | Lair:3   | HP: 2/104 [redback (7)]
 17275 | Lair:3   | Slain by a wolf spider

Illustrated notes

Levels and vault maps discovered:
D:1:      roderic_dead_forest, layout_loops_ring
D:2:      layout_basic, fountainhead, minmay_puff
D:3:      layout_basic, dreamdust_ecumenical_altar_statues, serial_shops,
          nicolae_shop_hallway_plus, palyth_stone_intersect,
          minmay_misc_feat_roman, uniq_crazy_yiuf_cottage, uniq_terence,
          uniq_robin
D:4:      layout_rooms, grunt_dithmenos_smoke_and_mirrors, kennysheep_mini,
          serial_curves, eino_curves_02, eino_curves_04, eino_curves_03,
          uniq_natasha
D:5:      gammafunk_steamed_eel, layout_loops_corners,
          mainiacjoe_overflow_catch_the_wave, grunt_ministairs_2,
          uniq_blork_the_orc
D:6:      layout_basic, corner_web_ring
D:7:      layout_cave_pods, temple_pool_b, serial_shops, nicolae_shop_trees
D:8:      layout_cave_pods, okawaru_metal_pillars_3,
          mainiacjoe_overflow_large_starburst
D:9:      layout_loops_ring, kennysheep_vampire_church, minmay_lair_entry_grove,
          serial_shops, nicolae_shop_advertising_works
          [nicolae_subvault_shop_adworks], enter_bailey_3
D:10:     layout_loops_cross, erik_orc_1
D:11:     layout_irregular_city, serial_shops, nicolae_diamond_shop,
          grunt_gozag_breadcrumbs
D:12:     layout_long_grid, uniq_azrael, uniq_sonja, uniq_josephine
Lair:1:   layout_gridlike, infiniplex_staircase_pool_2
Lair:2:   hellmonk_destroyed_diamonds, layout_hall_layers,
          elwin_shoals_entry_rocks, nicolae_lair_grazing_beasts
          [nicolae_sub_lair_graze_edge, nicolae_sub_lair_graze_edge,
          nicolae_sub_lair_graze_edge, nicolae_sub_lair_graze_edge],
          uniq_gastronok
Lair:3:   layout_roguey, spider_nest_entry_funnel_web

Skill      XL: |  1  2  3  4  5  6  7  8  9 10 11 12 13 |
---------------+----------------------------------------+-----
Polearms       | 4 5 6 7 8 10 11 13 14 | 14.0
Evocations     | 2 4 5 6 8 |  8.0
Spellcasting   | 2 3 |  3.0
Translocations | 1 3 |  3.0
Armour         | 3 5 8 9 |  9.9
Fighting       | 5 6 9 10 | 10.5
Fire Magic     | 4 5 |  5.0

Action                     |  1- 3 |  4- 6 |  7- 9 | 10-12 | 13-15 || total
---------------------------+-------+-------+-------+-------+-------++-------
  Melee: Spear             |    93 |   140 |   281 |   198 |       ||   712
         Punch             |       |     1 |     2 |     1 |       ||     4
         Trident           |       |       |       |   233 |   244 ||   477
  Throw: Dart              |     6 |    22 |    47 |    61 |    27 ||   163
         Boomerang         |       |       |       |     8 |       ||     8
         Throwing net      |       |       |       |     2 |       ||     2
   Cast: Scorch            |     2 |    15 |    51 |    89 |    26 ||   183
 Invoke: Foxfire Swarm     |       |       |       |     2 |       ||     2
         Fiery Armour      |       |       |       |     1 |       ||     1
  Evoke: Wand              |       |       |     4 |     9 |       ||    13
         Phantom mirror    |       |       |       |       |     1 ||     1
    Use: Scroll            |     4 |     3 |    10 |    14 |     2 ||    33
         Potion            |       |       |       |     6 |     2 ||     8
 Armour: Robe              |     6 |       |       |       |       ||     6
         Ring mail         |    15 |    47 |   103 |       |       ||   165
         Scale mail        |       |       |    22 |   164 |   101 ||   287
  Dodge: Dodged            |    26 |    66 |   129 |   146 |    98 ||   465

Table legend: (Time is in decaauts)
 A = Elapsed time spent in this place.
 B = Non-inter-level travel time spent in this place.
 C = Inter-level travel time spent in this place.
 D = Time resting spent in this place.
 E = Time spent auto-exploring this place.
 F = Levels seen in this place.
 G = Mean time per level.
                   A        B        C        D        E       F      G
               +--------+--------+--------+--------+--------+-----+--------+
         Total |  17059 |  16178 |    881 |   1350 |  11984 |  16 | 1066.2 |
       Dungeon |  13861 |  13107 |    754 |   1175 |   9760 |  12 | 1155.1 |
          Lair |   2696 |   2569 |    127 |     59 |   2034 |   3 |  898.7 |
        Bailey |    502 |    502 |      0 |    116 |    190 |   1 |  502.0 |
               +--------+--------+--------+--------+--------+-----+--------+

Top non-repeatable levels by time:
     D:5: 1657 daAuts
     D:3: 1558 daAuts
     D:2: 1549 daAuts
    D:10: 1454 daAuts
     D:9: 1422 daAuts
  Lair:2: 1232 daAuts
     D:7: 1210 daAuts
  Lair:1: 1158 daAuts
     D:4: 1136 daAuts
     D:1: 1006 daAuts
     D:6: 995 daAuts
    D:11: 937 daAuts
     D:8: 928 daAuts
  Bailey: 502 daAuts
  Lair:3: 305 daAuts
